AoeStats
← [GMEX] | The_Spartako

Fortress

508159500Analyzed
4v4 RM · 13d ago on Sep 21, 2026· 39m 39s· 8 players
Game mode
Random Map
Map size
Huge
Population
200
Speed
Normal
Resources
Standard
Victory
Conquest
Starting age
Dark Age
Ending age
Imperial Age
RankedLock teamsTeams togetherTeam positionsShared explorationLock speedFull tech treeHidden civsTurbo modeCheats
Victory
Defeat
🇲🇽 Burmese · Mexico
1195
+15
🇲🇽 Burgundians · Mexico
1156
+17
1150
+17
🇨🇴 Bulgarians · Colombia
1091
+18
🇦🇷 Mongols · Argentina
1227
-19
🇺🇸 Byzantines · United States
1205
-18
🇦🇷 Magyars · Argentina
1156
-16
🇮🇳 Persians · India
1089
-14
PacoelJusto
[GMEX] | The_Spartako
9:12 Feudal Age
8:56 Loom
10:13 Horse Collar
10:29 Gold Mining
13:05 Castle Age
11:19 Bloodlines
14:50 Husbandry
16:20 Scale Barding Armor
16:25 Forging
18:44 Heavy Plow
22:32 Chain Barding Armor
22:22 Forging
23:32 Wheelbarrow
23:44 Stone Mining
29:04 Imperial Age
27:25 Forging
27:06 Fletching
28:50 Hand Cart
29:39 Elite Battle Elephant
30:58 Crop Rotation
31:14 Gold Shaft Mining
31:15 Light Cavalry
33:38 Town Watch
35:15 Chemistry
33:55 Treadmill Crane
33:44 Hussar
37:06 Plate Barding Armor
37:06 Iron Casting
36:56 Conscription
37:35 Howdah
Lemus IV
9:56 Feudal Age
13:51 Castle Age
12:01 Horse Collar
12:44 Double-Bit Axe
15:49 Wheelbarrow
16:07 Bow Saw
16:00 Heavy Plow
18:53 Gold Mining
23:03 Pikeman
23:29 Gambesons
24:49 Squires
24:34 Arson
26:42 Hand Cart
30:49 Town Watch
30:50 Loom
35:01 Imperial Age
32:37 Town Patrol
33:31 Gold Shaft Mining
35:08 Capped Ram
35:21 Heavy Scorpion
35:26 Onager
35:32 Halberdier
36:18 Scale Mail Armor
36:29 Forging
37:24 Elite Konnik
[ GMEX ] Uhtred the Uhtred
8:16 Feudal Age
9:37 Double-Bit Axe
12:54 Castle Age
11:09 Stone Mining
11:16 Fletching
11:43 Gold Mining
12:07 Horse Collar
13:50 Bow Saw
14:39 Loom
18:11 Wheelbarrow
20:14 Bodkin Arrow
28:14 Imperial Age
29:32 Conscription
29:55 Bracer
31:35 Chemistry
31:33 Padded Archer Armor
34:19 Leather Archer Armor
34:20 Bloodlines
34:10 Husbandry
35:01 Elite Mangudai
36:44 Thumb Ring
Veer_84
5:36 Loom
8:21 Feudal Age
12:11 Castle Age
9:59 Double-Bit Axe
9:57 Horse Collar
16:31 Bow Saw
18:53 Heavy Plow
21:57 Wheelbarrow
23:31 Loom
28:32 Imperial Age
26:39 Scale Barding Armor
26:45 Forging
26:47 Bloodlines
27:47 Chain Barding Armor
28:27 Hand Cart
29:09 Conscription
29:00 Gold Mining
30:41 Murder Holes
32:47 Plate Barding Armor
32:46 Elite War Elephant
35:09 Iron Casting
37:23 Blast Furnace
nandocacn
7:23 Feudal Age
11:12 Castle Age
9:19 Double-Bit Axe
15:08 Bow Saw
15:03 Loom
18:41 Town Watch
19:00 Stone Mining
20:03 Fletching
28:25 Wheelbarrow
27:46 Pikeman
33:32 Imperial Age
31:59 Gold Mining
32:42 Husbandry
33:10 Masonry
35:37 Bloodlines
34:49 Light Cavalry
36:45 Padded Archer Armor
37:14 Ballistics
38:04 Bodkin Arrow
38:25 Leather Archer Armor
LazyJames
0:36 Loom
locodecano
5:35 Loom
7:25 Feudal Age
12:46 Castle Age
11:21 Gold Mining
11:12 Horse Collar
11:17 Double-Bit Axe
14:13 Wheelbarrow
14:05 Bow Saw
20:55 Scale Barding Armor
23:18 Heavy Plow
23:32 Corvinian Army
23:51 Hand Cart
24:47 Chain Barding Armor
25:21 Gold Shaft Mining
26:06 Stone Mining
28:51 Imperial Age
27:27 Bloodlines
28:33 Husbandry
29:46 Sanctity
30:11 Conscription
30:31 Plate Barding Armor
31:11 Two-Man Saw
30:42 Crop Rotation
29:38 Light Cavalry
30:24 Recurve Bow
31:00 Fletching
30:46 Heavy Cavalry Archer
32:04 Elite Magyar Huszar
32:12 Elite Magyar Huszar
33:35 Parthian Tactics
33:09 Bodkin Arrow
34:00 Ballistics
34:41 Chemistry
34:08 Thumb Ring
34:14 Bracer
34:24 Elite Skirmisher
36:12 Padded Archer Armor
37:28 Treadmill Crane
38:53 Leather Archer Armor
Connection lost

Rejoining the realm…

Still unreachable

The connection could not be restored.

Session expired

The server has moved on; the page needs a fresh start.